 Dungeon Crawl Stone Soup version 0.31-a0-859-g9dce7d3444 (webtiles) character file.

Game seed: 14729601945890508460

453 promet the Covered (level 7, -5/54 HPs)
             Began as a Human Fighter on Oct 10, 2023.
             Slain by a gnoll
             ... wielding a +0 halberd
             ... led by a gnoll bouda
              (10 damage)
             ... on level 4 of the Dungeon.
             The game lasted 00:15:12 (4149 turns).

promet the Covered (Human Fighter)                  Turns: 4149, Time: 00:15:13

Health: -5/54      AC:  9    Str: 14    XL:     7   Next: 26%
Magic:  7/7        EV:  9    Int: 13    God:
Gold:   245        SH:  5    Dex: 16    Spells: 6/6 levels left

rFire   + . .        b - +3 dagger "Zoneigoy" {heavy, Str-2 Int+3 Dex+3}
rCold   + . .        c - +0 buckler
rNeg    . . .        d - +0 scale mail
rPois   +            e - +0 helmet
rElec   +            s - +0 cloak
rCorr   +            (no gloves)
SInv    .            (no boots)
Will    .....        (no amulet) Stlth
                     (no ring)
HPRegen 0.29/turn    (no ring)
MPRegen 0.10/turn

%: no passive effects
@: resistant, weakened
A: no striking features
a: no special abilities


You were on level 4 of the Dungeon.
You visited 1 branch of the dungeon, and saw 4 of its levels.

You collected 245 gold pieces.

Inventory:

Hand Weapons
 a - a +1 trident
 b - the +3 dagger "Zoneigoy" (weapon) {heavy, Str-2 Int+3 Dex+3}
   (You found it on level 2 of the Dungeon)

   Str-2:     It affects your strength (-2).
   Int+3:     It affects your intelligence (+3).
   Dex+3:     It affects your dexterity (+3).
Missiles
 h - 17 stones (quivered)
 i - 2 throwing nets
 n - 2 poisoned darts
Armour
 c - a +0 buckler (worn)
 d - a +0 scale mail (worn)
 e - a +0 helmet (worn)
 s - a +0 cloak (worn)
Jewellery
 f - an amulet of guardian spirit
Scrolls
 r - 2 scrolls of teleportation
 u - a scroll of blinking
Potions
 g - a potion of resistance
 j - a potion of lignification
 k - a potion of heal wounds {unknown}
 l - a potion of enlightenment {unknown}
 m - 2 potions of ambrosia
 o - a potion of mutation {unknown}
 p - 2 potions of curing {unknown}
 q - a potion of berserk rage {unknown}
 t - a potion of haste {unknown}


   Skills:
 * Level 4.1 Fighting
 + Level 2.3 Short Blades
 + Level 3.0 Polearms
 + Level 0.1 Throwing
 + Level 4.7 Armour
 + Level 1.7 Dodging
 + Level 4.4 Shields


You had 6 spell levels left.
You didn't know any spells.
Your spell library contained the following spells:

 Spells                   Type           Power      Damage    Failure   Level
 Freeze                   Ice            0%         1d3       85%         1
 Frozen Ramparts          Ice            0%         1d1       99%         3
 Hailstorm                Conj/Ice       0%         3d3       99%         3


Dungeon Overview and Level Annotations

Branches:
Dungeon (4/15)
 Temple: D:4-7

Altars:
Elyvilon
Sif Muna


Message History

The gnoll bouda gazes fiercely through you!
You feel as though you will be weak longer.
The gnoll bouda attacks as it pursues you!
The gnoll bouda hits you but does no damage.
You bump into the rock wall.
The gnoll bouda hits you with a +0 club!
* * * LOW HITPOINT WARNING * * *
The gnoll closely misses you.
The gnoll is no longer moving quickly.
The gnoll bouda barks out a call to the hunt!
The gnoll picks up the pace!
The gnoll hits you from afar with a +0 halberd!
* * * LOW HITPOINT WARNING * * *
You are too injured to fight recklessly!
You barely miss the gnoll bouda.
The gnoll bouda is heavily wounded.
The gnoll bouda gazes fiercely through you!
You feel as though you will be weak longer.
The gnoll bouda hits you with a +0 club!
* * * LOW HITPOINT WARNING * * *
The gnoll barely misses you.
You feel less invigorated.
You feel less confused.
The gnoll bouda gazes fiercely through you!
You feel as though you will be weak longer.
The gnoll attacks as it pursues you!
The gnoll hits you from afar with a +0 halberd.
* * * LOW HITPOINT WARNING * * *
The gnoll hits you from afar with a +0 halberd.
* * * LOW HITPOINT WARNING * * *
The gnoll hits you from afar with a +0 halberd.
* * * LOW HITPOINT WARNING * * *
The gnoll is no longer moving quickly.
The gnoll bouda barks out a call to the hunt!
The gnoll picks up the pace!
The gnoll attacks as it pursues you!
The gnoll hits you from afar with a +0 halberd.
* * * LOW HITPOINT WARNING * * *
The gnoll hits you from afar with a +0 halberd!
You die...

##.### #.# ###.#.......[..
#....#####.###...............
#....##).......###...........
#....##.##.#######...<)......
#........g.###.......).......
#....####gg..................
#...........g.........#.####.
#......##.............#.## .
#....#......@.....#...#..###.
#....####.........##)........
#....# #.........########.#.
#########..##.#......).....#
#.......###....÷<).###
#.#.######......÷...# #...#
#..........# #..##
#..........# #.##
#..........#


You could see a gnoll bouda and 3 gnolls.

Vanquished Creatures
  2 bullfrogs
  A howler monkey (D:4)
  3 orc priests
  An orc wizard (D:3)
  7 adders
  2 gnolls
  4 worms
  A dart slug (D:3)
  7 orcs
  7 bats
  9 endoplasms
  A giant cockroach (D:2)
  3 goblins
  8 hobgoblins
  4 quokkas
  5 ball pythons
  2 frilled lizards
  6 kobolds
  5 rats
78 creatures vanquished.

Notes
Turn   | Place    | Note
-------+----------+-------------------------------------------
     0 | D:1      | promet the Human Fighter began the quest for the Orb.
     0 | D:1      | Reached XP level 1. HP: 18/18 MP: 1/1
   198 | D:1      | Found a faded altar of an unknown god.
   458 | D:1      | Reached XP level 2. HP: 24/24 MP: 2/2
   549 | D:1      | Reached XP level 3. HP: 20/29 MP: 3/3
   926 | D:2      | Reached XP level 4. HP: 35/35 MP: 4/4
   980 | D:2      | Identified the +3 dagger "Zoneigoy" {heavy, Str-2 Int+3
                  | Dex+3}
  1399 | D:2      | Reached XP level 5. HP: 41/41 MP: 5/5
  2215 | D:3      | Found a white marble altar of Elyvilon.
  2317 | D:3      | Reached skill level 1 in Short Blades
  3040 | D:4      | Noticed a bullfrog
  3062 | D:3      | Killed a bullfrog
  3063 | D:3      | Reached XP level 6. HP: 25/48 MP: 6/6
  3070 | D:3      | Reached skill level 1 in Dodging
  3577 | D:3      | Reached XP level 7. HP: 12/53 MP: 7/7
  4114 | D:4      | Found a shimmering blue altar of Sif Muna.
  4149 | D:4      | Slain by a gnoll

Illustrated notes

Levels and vault maps discovered:
D:1:      wander_arrival_abandoned_jail, layout_rooms, basic_ecumenical_altar,
          chequers_serial_rivers_room_b
D:2:      layout_loops_ring, minmay_joined_circles
D:3:      layout_basic, amcnicky_altar_gilded, minmay_misc_feat_columns
D:4:      layout_rooms, mainiacjoe_overflow_cross_hatched,
          lightli_ossuary_entry_decrepit_ruins

Skill      XL: |  1  2  3  4  5  6  7 |
---------------+----------------------+-----
Polearms       | 3 |  3.0
Short Blades   | 1 2 |  2.3
Shields        | 4 |  4.4
Armour         | 4 |  4.7
Dodging        | 1 |  1.7
Fighting       | 4 |  4.1
Throwing       | |  0.1

Action                     |  1- 3 |  4- 6 |  7- 9 || total
---------------------------+-------+-------+-------++-------
  Melee: Trident           |    64 |       |     5 ||    69
         Dagger            |       |   187 |    27 ||   214
  Throw: Stone             |       |       |     5 ||     5
    Use: Scroll            |     5 |     2 |       ||     7
         Potion            |     1 |     2 |     2 ||     5
 Armour: Scale mail        |    41 |   148 |    37 ||   226
         Skin              |       |    10 |       ||    10
  Dodge: Dodged            |    21 |    95 |    19 ||   135
  Block: Buckler           |    15 |    59 |    10 ||    84

Table legend: (Time is in decaauts)
 A = Elapsed time spent in this place.
 B = Non-inter-level travel time spent in this place.
 C = Inter-level travel time spent in this place.
 D = Time resting spent in this place.
 E = Time spent auto-exploring this place.
 F = Levels seen in this place.
 G = Mean time per level.
                   A        B        C        D        E       F      G
               +--------+--------+--------+--------+--------+-----+--------+
         Total |   4263 |   4097 |    166 |   1731 |    961 |   4 | 1065.8 |
       Dungeon |   4263 |   4097 |    166 |   1731 |    961 |   4 | 1065.8 |
               +--------+--------+--------+--------+--------+-----+--------+

Top non-repeatable levels by time:
     D:3: 1843 daAuts
     D:2: 1129 daAuts
     D:1: 867 daAuts
     D:4: 422 daAuts
